 Dungeon Crawl Stone Soup version 0.24-a0-525-g9231cdcba1 (webtiles) character file.

Game seed: 9145892469734435068

238 Gynju the Shield-Bearer (level 6, -1/49 HPs)
             Began as a Formicid Fighter on Aug 1, 2019.
             Slain by an elf zombie (2 damage)
             ... in an ossuary.
             The game lasted 00:05:59 (2434 turns).

Gynju the Shield-Bearer (Formicid Fighter)          Turns: 2434, Time: 00:05:59

Health: -1/49      AC:  7    Str: 28    XL:     6   Next: 28%
Magic:  6/6        EV:  8    Int:  7    God:
Gold:   161        SH: 10    Dex: 10    Spells: 5/5 levels left

rFire    . . .     SeeInvis +   a - +0 war axe
rCold    . . .     Gourm    .   c - +0 shield
rNeg     . . .     Faith    .   b - +0 scale mail
rPois    .         Spirit   .   (helmet unavailable)
rElec    .         Reflect  .   (no cloak)
rCorr    .         Harm     .   (no gloves)
MR       .....                  (no boots)
Stlth    ..........             (no amulet)
HPRegen  0.16/turn              (no ring)
MPRegen  0.10/turn              (no ring)

@: mighty, marked
A: permanent stasis, dig shafts and tunnels, four strong arms, antennae 3
a: Dig, Shaft Self


You were in an ossuary.
You were hungry.

You visited 1 branch of the dungeon, and saw 4 of its levels.
You also visited: Ossuary.

You collected 161 gold pieces.

Inventory:

Hand Weapons
 a - a +0 war axe (weapon)
Missiles
 n - 12 stones (quivered)
Armour
 b - a +0 scale mail (worn)
 c - a +0 shield (worn)
Wands
 m - a wand of iceblast (10)
Scrolls
 e - a scroll of random uselessness {unknown}
 h - 2 scrolls of teleportation {unknown}
 k - a scroll of immolation {unknown}
 l - a scroll of noise {unknown}
 q - a scroll of blinking {unknown}
Potions
 i - a potion of invisibility {unknown}
 j - a potion of heal wounds {unknown}
 o - a potion of resistance {unknown}
 p - a potion of curing {unknown}
Comestibles
 f - 6 rations


   Skills:
 + Level 4.3 Fighting
 * Level 4.2 Axes
 + Level 4.3 Armour
 + Level 4.7 Shields


You had 5 spell levels left.
You didn't know any spells.
Your spell library was empty.

Dungeon Overview and Level Annotations

Branches:
Dungeon (6/15)
 Temple: D:4-7

Altars:


Innate Abilities, Weirdness & Mutations

You cannot be hasted, slowed, berserked, paralysed or teleported.
You can dig through walls and to a lower floor.
Your four strong arms can wield two-handed weapons with a shield.
You have a pair of large antennae on your head. (SInv)


Message History

The elf zombie hits you.
* * * LOW HITPOINT WARNING * * *
The human zombie hits you.
* * * LOW HITPOINT WARNING * * *
You slash the elf zombie!
The elf zombie is heavily damaged.
You slash the human zombie! You block the elf zombie's attack.
You block the human zombie's attack.
You slice the elf zombie!!
The elf zombie is severely damaged.
Your scale mail prevents you from hitting the human zombie.
The elf zombie barely misses you.
The human zombie hits you but does no damage.
You slice the elf zombie!!
The elf zombie is almost destroyed.
You closely miss the human zombie. The elf zombie closely misses you.
The human zombie hits you.
* * * LOW HITPOINT WARNING * * *
The elf zombie hits you.
You die...

######################
#....................#
#....................#
#........8..8.Z......#
#.............Z@.....#
#...######..######...#
#...# { #..# #...#
#...#{ #..# #...#
#...#{ #.^# #...#
#...# .... #...# #...#
....## #...# #...#
.....# #...# #...#
......# #...#


You could see an elf zombie and a human zombie.

Vanquished Creatures
  2 centaur zombies (Ossuary)
  A jelly (D:6)
  2 mummies (Ossuary)
  4 gnolls
  A dart slug (D:2)
  A leopard gecko (D:1)
  3 giant cockroaches
  7 goblins
  9 hobgoblins
  7 jackals
  5 kobolds
  A ball python (D:2)
  5 bats
  4 frilled lizards
  9 hobgoblin zombies (Ossuary)
  A jackal zombie (Ossuary)
  9 kobold zombies (Ossuary)
  7 orc zombies (Ossuary)
  3 rats
  A rat zombie (Ossuary)
82 creatures vanquished.

Notes
Turn   | Place    | Note
-------+----------+-------------------------------------------
     0 | D:1      | Gynju the Formicid Fighter began the quest for the Orb.
     0 | D:1      | Reached XP level 1. HP: 18/18 MP: 1/1
    66 | D:1      | Reached XP level 2. HP: 11/24 MP: 2/2
   594 | D:1      | Reached XP level 3. HP: 29/29 MP: 3/3
  1314 | D:2      | Reached XP level 4. HP: 37/37 MP: 4/4
  2028 | D:3      | Reached XP level 5. HP: 42/42 MP: 5/5
  2069 | D:3      | You fall into a shaft and drop 3 floors!
  2241 | D:6      | Found a sand-covered staircase.
  2248 | Ossuary  | Entered an ossuary
  2427 | Ossuary  | Reached XP level 6. HP: 21/48 MP: 6/6
  2434 | Ossuary  | HP: 1/49 [human zombie (2)]
  2434 | Ossuary  | Slain by an elf zombie

Levels and vault maps discovered:
D:1:      matt_arrival_los_fun, layout_rooms
D:2:      layout_loops_ring, first_ration
D:3:      layout_basic, minitemple, glass_columns_a, lightli_corner_chamber
D:6:      layout_basic, lightli_temple_of_fire,
          minmay_temple_entry_drinking_statues, chequers_ossuary_entry_cave,
          palyth_stone_intersect
Ossuary:  ossuary_tomb_1

Skill      XL: |  1  2  3  4  5 |
---------------+----------------+-----
Shields        | 4 |  4.7
Axes           | 3 4 |  4.2
Fighting       | 4 |  4.3
Armour         | 4 |  4.3

Action                   |  1- 3 |  4- 6 || total
-------------------------+-------+-------++-------
Melee: War axe           |    76 |   158 ||   234
Throw: Stone             |     5 |       ||     5
 Abil: Dig               |       |     1 ||     1
  Use: Potion            |       |     1 ||     1
  Eat: Chunk             |     1 |     4 ||     5
Armor: Scale mail        |    27 |    60 ||    87
Dodge: Dodged            |    34 |    62 ||    96
Block: Shield            |    54 |    96 ||   150

Table legend:
 A = Non-vault XP
 B = Vault XP
 C = Vault XP percentage of total XP
 D = Non-vault monster count
 E = Vault monster count
 F = Vault count percentage of total count
                 A         B        C        D         E       F
            +---------+---------+-------+---------+---------+-------
      Total |     185 |     156 |  45.7 |      51 |      31 |  37.8
            +---------+---------+-------+---------+---------+-------
        D:1 |      48 |       0 |   0.0 |      19 |       0 |   0.0
        D:2 |      82 |       0 |   0.0 |      26 |       0 |   0.0
        D:3 |       9 |       0 |   0.0 |       5 |       0 |   0.0
        D:6 |      46 |       0 |   0.0 |       1 |       0 |   0.0
    Ossuary |       0 |     156 | 100.0 |       0 |      31 | 100.0
            +---------+---------+-------+---------+---------+-------
